 Dungeon Crawl Stone Soup version 0.28.0-43-g3370ac3207 (webtiles) character file.

Game seed: 6895215267121175609

383 Zeld the Digger (level 6, -4/36 HPs)
             Began as a Gargoyle Earth Elementalist on Mar 1, 2022.
             Slain by a wraith (10 damage)
             ... in an ossuary.
             The game lasted 00:05:04 (5993 turns).

Zeld the Digger (Gargoyle Earth Elementalist)       Turns: 5993, Time: 00:05:05

Health: -4/36      AC:  9    Str: 12    XL:     6   Next: 76%
Magic:  0/11       EV: 12    Int: 17    God:
Gold:   100        SH:  0    Dex: 10    Spells: 2/12 levels left

rFire   . . .      SeeInvis .   a - +2 whip (elec)
rCold   . . .      Faith    .   (no shield)
rNeg    + . .      Spirit   .   b - +2 robe {Will+}
rPois   ∞          Reflect  .   o - +0 helmet
rElec   +          Harm     .   (no cloak)
rCorr   .          Rampage  .   (no gloves)
Will    +....                   (no boots)
Stlth   ++........              (no amulet)
HPRegen 0.12/turn               (no ring)
MPRegen 0.12/turn               (no ring)

@: mighty, very slightly contaminated, slowed, very slow
A: sickness immunity, AC +4, negative energy resistance 1, electricity
resistance, torment resistance 1, petrification resistance
a: no special abilities


You were in an ossuary.
You visited 1 branch of the dungeon, and saw 5 of its levels.
You also visited: Sewer and Ossuary.

You collected 182 gold pieces.
You spent 82 gold pieces at shops.

Inventory:

Hand Weapons
 a - a +2 whip of electrocution (weapon)
Missiles
 c - 160 stones
Armour
 b - a +2 robe of willpower (worn)
 o - a +0 helmet (worn)
Wands
 y - a wand of charming (2)
Scrolls
 e - a scroll of noise {unknown}
 h - 2 scrolls of vulnerability {unknown}
 i - 4 scrolls of identify {unknown}
 j - 2 scrolls of magic mapping {unknown}
 l - 2 scrolls of teleportation {unknown}
 n - 2 scrolls of brand weapon {unknown}
 p - a scroll of holy word {unknown}
 r - 2 scrolls of blinking {unknown}
 s - 2 scrolls of fear {unknown}
 t - a scroll of immolation {unknown}
 u - a scroll of enchant weapon {unknown}
 v - 2 scrolls of fog {unknown}
 A - a scroll of enchant armour {unknown}
Potions
 d - 3 potions of heal wounds {unknown}
 f - 3 potions of degeneration {unknown}
 g - 6 potions of haste {unknown}
 k - a potion of mutation {unknown}
 m - 3 potions of curing {unknown}
 w - a potion of invisibility {unknown}
 x - a potion of cancellation {unknown}
 z - a potion of flight {unknown}
 B - a potion of berserk rage {unknown}


   Skills:
 + Level 2.3 Fighting
 + Level 1.3 Maces & Flails
 - Level 2.0 Dodging
 + Level 3.3 Stealth
 * Level 3.6 Spellcasting
 + Level 1.8 Conjurations
 - Level 1.0 Transmutations
 * Level 5.5 Earth Magic


You had 2 spell levels left.
You knew the following spells:

 Your Spells              Type           Power      Damage    Failure   Level
a - Sandblast             Erth           42%        2d11      1%          1
b - Passwall              Tmut/Erth      11%        N/A       6%          2
c - Stone Arrow           Conj/Erth      30%        3d8       11%         3
d - Petrify               Tmut/Erth      14%        N/A       38%         4

Your spell library contained the following spells:

 Spells                   Type           Power      Damage    Failure   Level


Dungeon Overview and Level Annotations

Branches:
Dungeon (4/15)              Sewer (visited)         Ossuary (1/1)
 Temple: D:4-7

Altars:

Shops:
D:2 *


Innate Abilities, Weirdness & Mutations

You are immune to sickness and miasma.
Your stone body is resilient. (AC +4)
You are immune to poison.
You resist negative energy. (rN+)
You are resistant to electric shocks. (rElec)
You are resistant to unholy torment.
You are immune to petrification.


Message History

Confirm with . or Enter, or press ? or * to list all spells.
The spell is quite dangerous to miscast (11% risk of failure)!
Continue anyway?
Aiming: Stone Arrow (quite dangerous; 11% risk of failure)
Press: ? - help, Shift-Dir - straight line, f/p - wraith
Aim: a wraith (moderately damaged, 68% to hit)
The stone arrow misses the wraith.
The wraith barely misses you.
Unknown command.
Casting: Stone Arrow (quite dangerous; 11% risk of failure)
Confirm with . or Enter, or press ? or * to list all spells.
You don't have enough magic to cast this spell.
A wraith is nearby!
Unknown command.
You feel very mighty all of a sudden. The wraith hits you.
The wraith drains your vigour!
You feel as though you will be slow longer.
The wraith hits you! The wraith drains your vigour!
You feel as though you will be slow longer.
You completely miss the wraith.
The wraith is moderately damaged.
The wraith hits you.
You hit the wraith. Lightning courses through the wraith!
Your punch misses the wraith.
The wraith is severely damaged.
The wraith hits you!
* * * LOW HITPOINT WARNING * * *
The wraith hits you.
* * * LOW HITPOINT WARNING * * *
Casting: Stone Arrow (quite dangerous; 11% risk of failure)
Confirm with . or Enter, or press ? or * to list all spells.
The spell is quite dangerous to miscast (11% risk of failure)!
Continue anyway?
Aiming: Stone Arrow (quite dangerous; 11% risk of failure)
Press: ? - help, Shift-Dir - straight line, f/p - wraith
Aim: a wraith (heavily damaged, 68% to hit)
You miscast Stone Arrow.
Nothing appears to happen.
The wraith misses you. The wraith closely misses you.
Unknown command.
You hit the wraith but do no damage.
The wraith is heavily damaged.
The wraith hits you!
You die...

#...............#
##.###.......###.#
.'.# #.......#z#.#
##.###.......###.#
#...............#
#.###..###..###.#
#.#W#..#z#..#.#.#
#.+##..###..##W.#
#..............@#
#################


You could see a wraith.

Vanquished Creatures
  An ogre (D:4)
  2 wights (Ossuary)
  An orc wizard (D:4)
  A hell rat (Sewer)
  Robin (D:2)
  2 adders
  2 river rats (Sewer)
  2 adder zombies (Ossuary)
  2 dart slugs (D:1)
  5 orcs
  5 ball pythons
  6 bats
  4 endoplasms
  2 giant cockroaches
  13 hobgoblins
  4 jackals (D:1)
  7 kobolds
  6 quokkas
  2 ball python skeletons (Ossuary)
  3 frilled lizards
  15 goblins
  A hobgoblin skeleton (Ossuary)
  3 hobgoblin zombies (Ossuary)
  An orc skeleton (Ossuary)
  12 rats
103 creatures vanquished.

Vanquished Creatures (others)
  9 plants
9 creatures vanquished.

Grand Total: 112 creatures vanquished

Notes
Turn   | Place    | Note
-------+----------+-------------------------------------------
     0 | D:1      | Zeld the Gargoyle Earth Elementalist began the quest for
                  | the Orb.
     0 | D:1      | Reached XP level 1. HP: 10/10 MP: 3/3
   275 | D:1      | Reached XP level 2. HP: 16/16 MP: 5/5
   285 | D:1      | Learned a level 2 spell: Passwall
   361 | D:1      | Reached skill level 4 in Earth Magic
   453 | D:1      | Found a faded altar of an unknown god.
   458 | D:1      | Reached skill level 1 in Transmutations
   528 | D:1      | Reached XP level 3. HP: 16/20 MP: 6/6
   543 | D:1      | Learned a level 3 spell: Stone Arrow
  1677 | D:2      | Found Okinaon's Assorted Antiques.
  1752 | D:2      | Bought a scroll labelled CETEXZEIFYE for 22 gold pieces
  1752 | D:2      | Bought a lumpy amethyst potion for 19 gold pieces
  1752 | D:2      | Bought a bubbling blue potion for 19 gold pieces
  1860 | D:2      | Reached XP level 4. HP: 23/24 MP: 7/7
  2196 | D:2      | Reached skill level 1 in Fighting
  2249 | D:2      | Noticed Robin
  2257 | D:2      | Killed Robin
  2405 | D:2      | Bought a scroll labelled ULUOKI ZUTZIS for 22 gold pieces
  2798 | D:3      | Found a glowing drain.
  2802 | Sewer    | Entered a sewer
  3105 | Sewer    | Reached XP level 5. HP: 29/29 MP: 7/9
  3111 | Sewer    | Learned a level 4 spell: Petrify
  3357 | Sewer    | Reached skill level 1 in Conjurations
  4507 | D:4      | Noticed an ogre
  4514 | D:4      | Killed an ogre
  4515 | D:4      | Reached skill level 1 in Maces & Flails
  4515 | D:4      | Reached skill level 5 in Earth Magic
  4515 | D:4      | Reached XP level 6. HP: 35/35 MP: 0/11
  4735 | D:4      | You fall into a shaft and drop 1 floor!
  4735 | D:5      | Entered Level 5 of the Dungeon
  4745 | D:5      | Noticed an ice beast
  4756 | D:5      | Found a sand-covered staircase.
  4763 | Ossuary  | Entered an ossuary
  5272 | Ossuary  | Noticed a wraith
  5272 | Ossuary  | Noticed a flying skull
  5283 | Ossuary  | Noticed a flying skull
  5313 | Ossuary  | Noticed a wraith
  5717 | Ossuary  | Noticed a flying skull
  5981 | Ossuary  | Noticed a flying skull
  5985 | Ossuary  | Noticed a wraith
  5993 | Ossuary  | Slain by a wraith

Illustrated notes

Levels and vault maps discovered:
D:1:      dpeg_arrival_concentric_ovals, layout_basic,
          dreamdust_ecumenical_altar_grove, roderic_lattice_a,
          hangedman_decor_growths, st_stairs_12, minmay_circled_x
D:2:      layout_basic, serial_shops, nicolae_square_shop, serial_bayou_pond_c,
          uniq_robin
D:3:      layout_loops_corners, gup_sewer_entry_bowl, nicolae_underground_beach
D:4:      layout_cave_pools, nicolae_uskayaw_en_pointe,
          minmay_temple_entry_nine_rooms
D:5:      layout_loops_corners, nzn_wu_jian_contemplation,
          nicolae_ossuary_entry_plus, uniq_pikel, uniq_duvessa, uniq_eustachio
Ossuary:  ossuary_due_cavern

Skill      XL: |  1  2  3  4  5  6 |
---------------+-------------------+-----
Earth Magic    | 4 5 |  5.5
Transmutations | 1 |  1.0
Fighting       | 1 2 |  2.3
Dodging        | 2 |  2.0
Spellcasting   | 3 |  3.6
Conjurations   | 1 |  1.8
Maces & Flails | 1 |  1.3
Stealth        | 3 |  3.3

Action                   |  1- 3 |  4- 6 || total
-------------------------+-------+-------++-------
Melee: Dagger            |    98 |    33 ||   131
       Whip              |       |    57 ||    57
       Punch             |       |     1 ||     1
 Cast: Sandblast         |     5 |    54 ||    59
       Stone Arrow       |       |    10 ||    10
  Use: Potion            |       |     1 ||     1
 Stab: Sleeping          |     4 |     7 ||    11
Armor: Robe              |    30 |    35 ||    65
Dodge: Dodged            |    70 |    58 ||   128
